 Dungeon Crawl Stone Soup version 0.20-b1-2-gc5a9893 (webtiles) character file.

26 KeyserSoze the Skirmisher (level 2, -5/25 HPs)
             Began as a Mummy Fighter on May 22, 2017.
             Killed from afar by an orc wizard (13 damage)
             ... with a puff of flame
             ... on level 1 of the Dungeon.
             The game lasted 00:02:40 (3835 turns).

KeyserSoze the Skirmisher (Mummy Fighter)           Turns: 3835, Time: 00:02:43

Health: -5/25      AC:  6    Str: 19    XL:     2   Next: 89%
Magic:  2/2        EV:  7    Int:  7    God:
Gold:   54         SH:  8    Dex: 11    Spells: 1/1 levels left

rFire    x . .     SeeInvis .   a - +0 rapier
rCold    + . .     Gourm    .   c - +0 shield
rNeg     + + +     Faith    .   b - +0 scale mail
rPois    ∞         Spirit   .   (no helmet)
rElec    .         Reflect  .   (no cloak)
rCorr    .         Harm     .   (no gloves)
MR       .....                  (no boots)
Stlth    ..........             (no amulet)
Regen    0.1/turn               (no ring)
MPRegen  0.1/turn               (no ring)

@: no status effects
A: no food or potions, fire vulnerability, cold resistance 1, negative energy
resistance 3, torment resistance, unbreathing
a: no special abilities


You were on level 1 of the Dungeon.
You were not hungry.

You visited 1 branch of the dungeon, and saw 1 of its levels.

You collected 54 gold pieces.

Inventory:

Hand Weapons
 a - a +0 rapier (weapon)
Armour
 b - a +0 scale mail (worn)
 c - a +0 shield (worn)
Scrolls
 d - 2 scrolls of remove curse {unknown}
 e - a scroll of noise {unknown}
 f - 2 scrolls of teleportation {unknown}
 g - a scroll of fog {unknown}


   Skills:
 + Level 4.1 Fighting
 - Level 1.5 Short Blades
 - Level 2.4 Armour
 - Level 2.4 Shields


You had one spell level left.
You didn't know any spells.

Dungeon Overview and Level Annotations

Branches:
Dungeon (1/15)

Altars:


Innate Abilities, Weirdness & Mutations

You do not eat or drink.
Your flesh is vulnerable to fire.
You are immune to poison.
Your flesh is cold resistant. (rC+)
You are immune to negative energy. (rN+++)
You are immune to unholy pain and torment.
You can survive without breathing.


Message History

The orc wizard hits you but does no damage.
There are monsters nearby!
You closely miss the orc wizard.
The orc wizard is heavily wounded.
The orc wizard points at you and mumbles some strange words.
The magic dart hits you! The orc hits you but does no damage.
You block the orc wizard's attack.
You hit the orc wizard but do no damage.
The orc wizard is heavily wounded.
You block the orc wizard's attack.
The orc hits you from afar with a trident.
The orc wizard barely misses you.
Your shield and scale mail prevent you from hitting the orc wizard.
The orc wizard is heavily wounded.
The orc wizard casts a spell at you. The puff of frost hits you!
You block the orc's attack.
The orc wizard gestures at you while chanting.
The puff of flame hits you! The fire burns you terribly!
Ouch! That really hurt!
You die...

##......≈.≈≈≈≈≈≈≈ ############
#.......≈.≈≈≈≈≈≈
#####..........###.......<..≈.≈≈≈
...............##..........≈≈≈≈≈≈
.....!.........##...........≈..≈≈
#####..........##........(..≈.≈≈≈
#..........#.............≈.≈≈
########.###+###.............≈.≈≈
.....###.###.#oo@............≈≈≈≈
.....'........................≈≈≈
....(#######.#...........###.≈≈≈≈
####### #.#.....)..#### ######
.....>######.#.....)###
..........##....(...#
......###.#########.### .####.#
#.#...........# .# #.#
#.#...........#


You could see an orc wizard and an orc.

Vanquished Creatures
  A dart slug (D:1)
  A leopard gecko (D:1)
  An orc (D:1)
  4 goblins (D:1)
  4 kobolds (D:1)
  6 bats (D:1)
  2 frilled lizards (D:1)
  3 rats (D:1)
22 creatures vanquished.

Notes
Turn   | Place    | Note
-------+----------+-------------------------------------------
     0 | D:1      | KeyserSoze the Mummy Fighter began the quest for the Orb.
     0 | D:1      | Reached XP level 1. HP: 18/18 MP: 1/1
   173 | D:1      | Reached XP level 2. HP: 22/24 MP: 2/2
  1777 | D:1      | Reached skill level 4 in Fighting
  3835 | D:1      | Killed from afar by an orc wizard

Skill      XL: |  1  2 |
---------------+-------+-----
Fighting       | 4 |  4.1
Short Blades   | |  1.5
Armour         | |  2.4
Shields        | |  2.4

Action                   || total
-------------------------++-------
Melee: Rapier            ||    70
Armor: Scale mail        ||    52
Dodge: Dodged            ||    36
Block: Shield            ||    49
